Map: Turbo Cruise '84 LE

Players

NoondayDream - Winner!

  • Race: Zerg Zerg
  • League: Master
  • Spawn Location: 3:00

Mez

  • Race: Terran Terran
  • League: Master
  • Spawn Location: 7:00

VOD

Have the link to the VOD?

Description

Time

  • Played on: July 28, 2019, 7:53 a.m.
  • Length: 17:54
Show
View Real Time Build Order
Export as new Build Order

NoondayDream Zerg - Winner!

Build Orders: Hatch First 

Get SALT Encoding   

  12  0:01  Drone  
  13  0:12  Overlord  
  13  0:17  Drone  
  14  0:30  Drone x2  
  14  0:35  Drone  
  17  0:52  Hatchery  
  17  0:56  Drone  
  17  0:59  Drone  
  18  1:12  Extractor  
  18  1:14  Spawning Pool  
  18  1:17  Drone  
  17  1:20  Drone  
  18  1:28  Drone  
  19  1:39  Drone  
  20  1:51  Overlord  
  20  2:03  Queen x2  
  20  2:04  Zergling x2  
  20  2:05  Zergling x2  
  26  2:14  Metabolic Boost  
  26  2:16  Drone x2  
  26  2:22  Drone  
  29  2:26  Overlord  
  29  2:32  Drone  
  30  2:39  Drone  
  30  2:42  Queen  
  33  2:48  Drone x2  
  35  2:51  Queen  
  35  2:56  Drone  
  38  3:05  Drone  
  38  3:06  Drone  
  38  3:09  Overlord  
  40  3:16  Drone x3  
  43  3:27  Drone x2  
  44  3:34  Hatchery  
  44  3:35  Overlord  
  43  3:43  Overlord  
  43  3:46  Overlord  
  43  3:55  Queen x2  
  43  3:58  Drone  
  43  3:59  Drone x3  
  43  4:01  Drone x2  
  53  4:05  Zergling x6  
  56  4:13  Zergling x4  
  58  4:21  Zergling x4  
  60  4:27  Zergling x2  
  60  4:29  Zergling x2  
  60  4:30  Zergling x6  
  65  4:35  Lair  
  65  4:38  Drone  
  65  4:39  Drone x2  
  68  4:53  Drone x4  
  70  5:00  Drone x2  
  70  5:01  Drone x2  
  70  5:06  Queen  
  73  5:07  Overlord x2  
  73  5:11  Evolution Chamber  
  73  5:12  Baneling Nest  
  73  5:13  Extractor  
  73  5:14  Drone x3  
  71  5:15  Extractor  
  71  5:18  Overlord  
  71  5:19  Overlord x2  
  72  5:23  Overlord  
  72  5:28  Drone x7  
  79  5:45  Evolution Chamber, Zerg Ground Armor Level 1  
  78  5:50  Zergling x2  
  78  5:51  Zergling x14  
  78  5:53  Hatchery  
  85  6:06  Hatchery  
  84  6:18  Zergling x2  
  84  6:19  Zergling x18  
  84  6:22  Hydralisk Den  
  84  6:24  Zerg Melee Weapons Level 1  
  93  6:28  Drone, Extractor  
  93  6:29  Drone x3  
  93  6:32  Drone x4  
  100  6:35  Baneling x11, Extractor  
  100  6:36  Extractor  
  98  6:41  Drone  
  98  6:42  Drone x2  
  101  6:52  Drone  
  101  6:53  Grooved Spines, Drone x2  
  104  6:57  Drone x5  
  104  6:59  Drone  
  110  7:01  Baneling  
  110  7:02  Baneling x5  
  110  7:09  Hydralisk x2  
  110  7:13  Overlord x2  
  110  7:14  Zergling x6  
  117  7:22  Zergling x2  
  118  7:23  Zergling x8  
  118  7:27  Centrifical Hooks  
  118  7:28  Zergling x8  
  126  7:32  Overlord  
  123  7:39  Zergling x2  
  123  7:40  Zergling x12  
  130  7:49  Zerg Ground Armor Level 2  
  130  7:50  Hydralisk x3  
  134  8:03  Hydralisk x2  
  134  8:04  Hydralisk x4  
  134  8:05  Muscular Augments  
  144  8:08  Drone  
  144  8:09  Drone x5  
  144  8:10  Drone  
  151  8:13  Infestation Pit  
  150  8:21  Extractor  
  150  8:22  Extractor  
  150  8:23  Zergling x18  
  150  8:24  Zergling x2  
  156  8:47  Zergling x4  
  156  8:48  Zergling x6  
  136  8:56  Hive  
  136  8:58  Overlord x3  
  136  9:00  Drone  
  136  9:01  Drone x10  
  145  9:05  Overlord x2  
  145  9:13  Zerg Melee Weapons Level 2  
  145  9:23  Zergling x14  
  152  9:24  Baneling x2  
  152  9:25  Baneling x11  
  152  9:37  Spore Crawler  
  152  9:38  Spore Crawler  
  150  9:39  Spore Crawler  
  150  9:41  Zergling x22  
  156  10:17  Zergling x6  
  156  10:18  Zergling x6  
  150  10:24  Hydralisk x11  
  171  10:36  Viper x3  
  171  10:40  Overlord x5  
  180  10:44  Drone x2  
  174  11:02  Zergling x2  
  174  11:03  Zergling x28  
  180  11:10  Zergling x2  
  158  11:23  Zergling x26  
  171  11:29  Zergling x2  
  172  11:40  Baneling x15  
  172  11:41  Baneling  
  172  11:44  Zergling x12  
  172  11:45  Zergling x4  
  177  12:00  Zergling x2  
  177  12:01  Zergling x22  
  182  12:05  Zergling x2  
  181  12:10  Zerg Ground Armor Level 3  
  181  12:11  Spire, Zerg Melee Weapons Level 3  
  180  12:34  Baneling x11  
  180  13:08  Baneling  
  180  13:09  Baneling x18  
  168  13:20  Drone x20  
  168  13:21  Drone x6  
  184  13:27  Greater Spire  
  173  13:45  Zergling x18  
  173  13:46  Zergling x24  
  194  14:13  Baneling x12  
  194  14:14  Baneling  
  194  14:36  Hatchery  
  190  14:41  Corruptor x7  
  198  14:53  Zerg Flyer Weapons Level 1, Zerg Missile Weapons Level 1  
  198  14:58  Zergling x18  
  198  14:59  Zergling x20  
  185  15:15  Zergling x2  
  185  15:16  Zergling x10  
  185  15:19  Brood Lord x5  
  185  15:20  Brood Lord x2  
  198  15:27  Baneling x12  
  198  15:30  Baneling x22  
  198  15:31  Baneling x30  
  198  15:32  Baneling x4  
  198  15:34  Drone x2  
  191  16:22  Extractor  
  191  16:23  Extractor  
  189  16:32  Corruptor x5  
  168  16:55  Zergling x2  
  168  16:56  Zergling x46  
  191  17:17  Zergling x4  
  191  17:18  Zergling x12  
  199  17:35  Baneling x17  
  199  17:36  Baneling x30  
  199  17:37  Baneling  
Show
View Real Time Build Order
Export as new Build Order

Mez Terran 

Build Orders: Reaper Expand 

Get SALT Encoding   

  12  0:01  SCV  
  13  0:13  SCV  
  14  0:17  Supply Depot  
  14  0:25  SCV  
  15  0:39  SCV  
  16  0:42  Barracks  
  16  0:47  Refinery  
  16  0:51  SCV  
  17  1:03  SCV  
  18  1:15  SCV  
  19  1:30  Orbital Command  
  19  1:31  Reaper  
  20  1:41  Command Center  
  20  1:53  Barracks  
  20  1:56  SCV  
  21  2:05  Barracks Reactor  
  21  2:08  SCV  
  21  2:15  Supply Depot  
  22  2:19  Barracks  
  22  2:23  SCV  
  23  2:40  SCV  
  23  2:41  Barracks Tech Lab  
  24  2:47  Marine x2  
  26  2:52  SCV  
  26  2:57  Orbital Command  
  27  3:01  Combat Shield  
  27  3:03  Marine  
  27  3:04  SCV, Marine x2  
  31  3:15  Engineering Bay  
  31  3:16  SCV  
  32  3:31  Marine x4  
  32  3:33  SCV x2  
  38  3:45  SCV x2  
  38  3:47  Supply Depot  
  38  3:48  Supply Depot  
  39  3:50  Engineering Bay  
  39  3:51  Marine x3  
  39  3:52  Marine  
  39  3:55  Supply Depot  
  43  3:57  SCV x2  
  45  4:18  SCV x2  
  45  4:22  Terran Infantry Weapons Level 1  
  47  4:28  Marine x2  
  47  4:29  Marine  
  47  4:30  SCV x2  
  47  4:31  Barracks Reactor  
  52  4:35  Factory  
  52  4:39  Refinery  
  52  4:40  Refinery  
  52  4:42  SCV x2  
  54  4:46  Command Center, Marine  
  54  4:50  Marine x2  
  57  4:54  SCV x2  
  58  5:04  Marine  
  58  5:05  Stimpack  
  58  5:06  SCV  
  58  5:07  SCV, Marine  
  49  5:12  Marine x3  
  53  5:18  Barracks  
  53  5:20  Barracks  
  53  5:22  SCV x2, Marine  
  56  5:31  Marine x4  
  56  5:33  Starport, Factory Reactor  
  60  5:40  SCV x2, Marine  
  63  5:48  Marine  
  63  5:49  Marine x2, Supply Depot  
  66  5:50  Supply Depot  
  66  5:51  Marine  
  66  5:52  SCV x2  
  69  5:57  Marine  
  70  6:06  Marine x2  
  70  6:07  Barracks Reactor, Marine  
  70  6:08  Barracks Reactor  
  73  6:15  Orbital Command  
  73  6:16  SCV x2  
  75  6:23  Marine x2  
  75  6:24  Marine x3  
  75  6:25  Terran Infantry Armor Level 1  
  80  6:28  SCV x2  
  80  6:31  Supply Depot  
  80  6:32  Medivac, Supply Depot  
  82  6:34  Medivac  
  86  6:40  SCV x2, Marine  
  86  6:41  Marine  
  86  6:43  SCV, Marine x3  
  86  6:44  Marine x2  
  96  6:51  Marine x2  
  96  6:52  SCV x2  
  100  6:57  Supply Depot  
  100  6:58  Marine x2  
  100  6:59  Supply Depot  
  102  7:01  Marine x4  
  102  7:02  Marine  
  102  7:03  SCV  
  102  7:04  SCV, Medivac  
  102  7:06  Medivac  
  113  7:09  Marine x2  
  113  7:14  SCV  
  116  7:15  SCV  
  116  7:18  Marine x2  
  116  7:19  Hellion, Marine x4  
  125  7:24  Supply Depot  
  125  7:25  Command Center  
  125  7:26  Supply Depot  
  125  7:30  Marine x3  
  128  7:49  Marine x4  
  128  7:50  Marine x5, Medivac  
  128  7:51  Medivac  
  128  8:07  Marine x8  
  128  8:08  Marine  
  128  8:12  Barracks  
  137  8:13  SCV, Barracks  
  137  8:14  Engineering Bay, SCV x2, Armory, Barracks  
  140  8:20  Medivac  
  140  8:21  Medivac  
  140  8:25  Marine x2  
  144  8:37  Marine  
  144  8:38  Marine x6  
  151  8:43  Marine x2  
  150  8:50  Medivac x2  
  150  8:55  Marine x2  
  129  8:58  Marine x5  
  129  9:00  Marine  
  129  9:01  Marine  
  130  9:08  Command Center  
  130  9:13  Barracks Tech Lab x2  
  130  9:14  Barracks Tech Lab  
  130  9:15  Terran Infantry Armor Level 2, Terran Infantry Weapons Level 2  
  129  9:17  Marine x2  
  129  9:18  Marine x5  
  129  9:20  Medivac  
  138  9:29  Marine  
  138  9:30  Marine  
  140  9:33  Supply Depot  
  140  9:34  Supply Depot  
  140  9:35  Marine  
  140  9:38  Marine x5  
  142  9:40  Marauder x2  
  142  9:41  Concussive Shells  
  142  9:43  Supply Depot  
  150  9:47  Planetary Fortress  
  150  9:52  Marauder x2  
  154  9:56  Refinery  
  154  10:01  Marauder  
  156  10:08  Marine  
  156  10:09  Marine x5, Marauder  
  156  10:14  Marauder  
  143  10:29  Marine x6  
  143  10:30  Marine x2, Marauder x2  
  143  10:31  Marauder, Medivac  
  143  10:35  Marine  
  158  10:37  Barracks  
  158  10:38  Barracks  
  158  10:40  Barracks  
  158  10:41  Barracks  
  158  10:44  Orbital Command  
  158  10:47  Marine x2  
  158  10:51  Marauder  
  158  10:52  Marine, Marauder x2  
  119  11:09  Marine x7  
  119  11:10  Marine, Marauder, Medivac x2  
  122  11:12  Marine  
  127  11:28  Marine x6  
  129  11:32  Barracks Reactor  
  129  11:33  Barracks Reactor x3  
  129  11:34  Marine, Marauder x2  
  129  11:35  Marine x2, Marauder  
  129  11:38  Command Center  
  138  11:40  Medivac  
  138  11:41  Command Center  
  140  11:49  Medivac  
  138  12:00  Marine x12  
  120  12:10  Medivac  
  119  12:17  Marine  
  119  12:18  Marine x4, Marauder x3  
  130  12:25  Sensor Tower x2  
  130  12:26  Marine  
  130  12:27  Marine x10, Marauder  
  136  12:35  Marine  
  137  12:38  Marine  
  137  12:39  Marine x2  
  137  12:40  Marine, Marauder x3  
  147  13:00  Marine x5, Marauder  
  147  13:01  Marine x11, Marauder x3  
  156  13:29  Marine x12, Marauder x3  
  156  13:30  Marine x5  
  160  13:42  Orbital Command  
  160  13:47  Marine x3  
  162  13:49  Marine  
  162  13:50  Marine x3, Marauder  
  162  13:51  Marauder  
  162  13:53  Terran Infantry Weapons Level 3  
  166  13:56  Terran Infantry Armor Level 3  
  166  14:11  Marine  
  166  14:12  Marine x11, Marauder  
  180  14:28  Medivac x2  
  184  14:42  Marine x4, Marauder  
  190  14:58  Medivac x2  
  150  15:03  Marine x2, Marauder  
  150  15:04  Marine x2  
  127  15:18  Marine x6, Marauder x3  
  127  15:19  Marine  
  140  15:25  Marauder  
  142  15:28  Medivac x2  
  142  15:32  Planetary Fortress  
  146  15:41  Marine x10, Marauder x3  
  146  15:42  Marine  
  163  15:44  Marine x2  
  163  15:45  Marine  
  163  15:46  Marauder  
  168  15:50  Marine  
  169  16:02  Marauder x2  
  169  16:04  Marine x15  
  172  16:05  Marauder  
  172  16:07  Marine  
  172  16:08  Marine  
  150  16:22  Marine x6  
  150  16:23  Marauder  
  150  16:24  Marauder  
  155  16:25  Marauder  
  155  16:28  Viking x2  
  116  16:48  Marine x4, Marauder  
  116  16:49  Marine x6  
  116  16:54  Marine x3  
  69  17:04  Marine x4  
  73  17:18  Orbital Command  
  73  17:21  Marine  
  73  17:22  Marine x6  
Tags
 
Add a new tag
Caveats
  • Supply blocks, unpowered buildings, or Contaminate may cause inaccurate times.
  • Supply counts are checked every 10 seconds.